 Dungeon Crawl Stone Soup version 0.30-a0-166-g5d06c95188 (webtiles) character file.

Game seed: 17083438433895911040

48101 qw the Severer (level 14, -8/90 HPs)
             Began as a Gargoyle Fighter on Sept 28, 2022.
             Was the Champion of Okawaru.
             Splashed with acid (9 damage)
             ... on level 5 of the Lair of Beasts on Sept 29, 2022.
             The game lasted 00:06:33 (16310 turns).

qw the Severer (Gargoyle Fighter)                  Turns: 16310, Time: 00:06:33

Health: -8/90      AC: 50    Str: 28    XL:     14   Next: 44%
Magic:  20/21      EV: 14    Int:  9    God:    Okawaru [******]
Gold:   522        SH:  7    Dex: 17    Spells: 13/13 levels left

rFire   + + .      SeeInvis .    v - +6 broad axe of Death's Door {vamp, rPois Dex+4}
rCold   . . .      Faith    .    c - +0 buckler
rNeg    + . .      Spirit   .    g - +1 crystal plate armour
rPois   inf        Reflect  .    b - +0 helmet
rElec   +          Harm     .    s - +0 cloak
rCorr   .          Rampage  .    m - +1 pair of gloves
Will    +....                    u - +1 pair of boots "Wesidot" {rPois Dex+4}
Stlth   ..........               (no amulet)
HPRegen 0.25/turn                f - ring of the Fool {AC+4 Str+3}
MPRegen 0.17/turn                x - +4 ring of evasion

@: heroic, flying
A: sickness immunity, AC +10, big wings, negative energy resistance 1,
electricity resistance, torment resistance 1, petrification resistance, fire
resistance 2, screaming 1
a: Renounce Religion, Heroism, Finesse, Duel


You were on level 5 of the Lair of Beasts.
You worshipped Okawaru.
Okawaru was exalted by your worship.
You visited 3 branches of the dungeon, and saw 15 of its levels.

You collected 866 gold pieces.
You spent 344 gold pieces at shops.


Innate Abilities, Weirdness & Mutations

You are immune to sickness and miasma.
Your stone body is resilient. (AC +10)
You are immune to poison.
Your large and strong wings let you fly.
You resist negative energy. (rN+)
You are resistant to electric shocks. (rElec)
You are resistant to unholy torment.
You are immune to petrification.
Your flesh is very heat resistant. (rF++)
You occasionally shout uncontrollably at your foes.


   Skills:
 - Level 11.1(16.1) Fighting
 - Level 15.0(20.0) Axes
 - Level 1.1(6.1) Throwing
 + Level 13.3(18.3) Armour
 - Level 3.0(8.0) Dodging
 - Level 7.0(12.0) Shields
 - Level 10.0 Invocations


You had 13 spell levels left.
You didn't know any spells.
Your spell library was empty.

Inventory:

Hand Weapons
 e - the +8 mithril axe "Arga" {speed, Will+}
   (Okawaru gifted it to you on level 5 of the Lair of Beasts)

   Attacks with this weapon are significantly faster.
   Will:      It increases your willpower.
 v - the +6 broad axe of Death's Door (weapon) {vamp, rPois Dex+4}
   (Okawaru gifted it to you on level 9 of the Dungeon)

   It occasionally heals its wielder for a portion of the damage dealt when it
   wounds a living foe.
   Dex:       It affects your dexterity (+4).
   rPois:     It protects you from poison.
 w - a -1 demon whip of venom
Armour
 b - a +0 helmet (worn)
 c - a +0 buckler (worn)
 g - a +1 crystal plate armour (worn)
 m - a +1 pair of gloves (worn)
 o - +0 acid dragon scales
 s - a +0 cloak (worn)
 t - the +1 pair of boots of Hubris {rPois Will+}
   (You found it on level 5 of the Lair of Beasts)

   rPois:     It protects you from poison.
   Will:      It increases your willpower.
 u - the +1 pair of boots "Wesidot" (worn) {rPois Dex+4}
   (Okawaru gifted it to you on level 3 of the Lair of Beasts)

   Dex:       It affects your dexterity (+4).
   rPois:     It protects you from poison.
Jewellery
 f - the ring of the Fool (left hand) {AC+4 Str+3}
   (You acquired it on level 4 of the Dungeon)

   [ring of protection]

   AC:        It affects your AC (+4).
   Str:       It affects your strength (+3).
 x - a +4 ring of evasion (right hand)
Scrolls
 p - 3 scrolls of teleportation
 q - 3 scrolls of identify
Potions
 a - 2 potions of lignification
 d - 3 potions of might
 h - 2 potions of magic
 i - a potion of attraction
 j - a potion of cancellation
 k - a potion of experience {unknown}
 l - 9 potions of curing
 n - 4 potions of heal wounds
 r - 2 potions of resistance {unknown}

Dungeon Overview and Level Annotations

Branches:
Dungeon (9/15)             Temple (1/1) D:5            Lair (5/5) D:8
 Shoals (0/4) Lair:3       Spider (0/4) Lair:3        Slime (0/5) Lair:5
    Orc: D:9-12

Altars:
Ashenzari
Cheibriados
Dithmenos
Elyvilon
Fedhas
Gozag
Hepliaklqana
Kikubaaqudgha
Makhleb
Nemelex Xobeh
Okawaru
Qazlal
Ru
Sif Muna
Trog
Uskayaw
Vehumet
Wu Jian
Xom
Yredelemnul
Zin
The Shining One
Jiyva

Shops:
D:4 (   D:8 [

Annotations:
D:3 1 runed translucent door, Crazy Yiuf
D:6 3 runed translucent doors, qw's ghost, novice GrFi


Message History

The snapping turtle is lightly wounded.
You are splashed with acid.
The walls burn the snapping turtle!
The snapping turtle bites you but does no damage.
You barely miss the snapping turtle.
The snapping turtle is moderately wounded.
You are splashed with acid!
The walls burn the snapping turtle!
You block the snapping turtle's attack.
16301 ||| INVOKING Heroism.
You gain the combat prowess of a mighty hero.
You are splashed with acid.
The walls burn the snapping turtle!
You block the snapping turtle's attack.
You hit the snapping turtle but do no damage.
The snapping turtle is moderately wounded.
You are splashed with acid!
You hit the snapping turtle but do no damage.
The snapping turtle is moderately wounded.
You are splashed with acid!
The walls burn the snapping turtle!
The snapping turtle barely misses you.
You hit the snapping turtle but do no damage.
The snapping turtle is heavily wounded.
You are splashed with acid.
The walls burn the snapping turtle!
The snapping turtle bites you but does no damage.
You hit the snapping turtle.
You feel better.
The snapping turtle is severely wounded.
You are splashed with acid.
The walls burn the snapping turtle!
The snapping turtle completely misses you.
You slice the snapping turtle!!
You kill the snapping turtle!
Okawaru accepts your kill.
You are splashed with acid.
You're standing next to a slime covered wall!
16307 ||| UPGRADING to +1 pair of boots of Hubris {rPois Will+}.
You are splashed with acid.
You stop removing your armour.
16308 ||| UPGRADING to +1 pair of boots of Hubris {rPois Will+}.
You are splashed with acid!
You stop removing your armour.
16309 ||| UPGRADING to +1 pair of boots of Hubris {rPois Will+}.
You are splashed with acid!
You stop removing your armour.
16310 ||| UPGRADING to +1 pair of boots of Hubris {rPois Will+}.
You are splashed with acid!
You stop removing your armour.
You die...

.##........~~#~~#~~%~~~~~~~~
..#........~.~~~#~.###~~###~ ....
#.....#....~~~~.~~~~~~~~~~~
...#.##.........~#~.~##~~##~~##~~
................~##~~##~~##~~##~~
.....#...........~...~.~~..~..~~.
.#... ##.........................
.....##.......)..................
................@................
..#..##.........#.#..............
..#...##............ ............
.#....#.....................^....
.............#.......#...........
.................>...............
.............#..._...#........./.
.......#.........................
#.....##................P........


There were no monsters in sight!

Vanquished Creatures
  Gastronok (D:8)
  Erolcha (D:9)
  3 hydras
  A merfolk avatar (Lair:5)
  9 death yaks (Lair:5)
  Amaemon (Lair:3)
  An orange crystal statue (D:9)
  2 harpies (Lair:5)
  An ugly thing (D:9)
  A manticore (Lair:5)
  Joseph (D:9)
  10 elephants
  8 black mambas
  An orange demon (Lair:3)
  A torpor snail (Lair:5)
  22 cane toads
  Maggie (D:8)
  A rime drake (Lair:2)
  8 komodo dragons
  A wind drake (Lair:5)
  A troll (D:9)
  2 polar bears (Lair:5)
  2 snapping turtles
  6 hornets
  5 blink frogs
  6 dream sheep
  9 spriggans (Lair:2)
  2 shadows (D:7)
  51 yaks
  4 wyverns
  A basilisk (Lair:1)
  Grum (D:9)
  3 steam dragons
  2 wargs (D:8)
  2 acid dragons (D:9)
  15 water moccasins
  7 orc warriors
  2 ice beasts
  A sky beast (D:8)
  3 black bears
  10 wolves
  2 centaurs (D:8)
  7 bullfrogs
  3 kobold brigands
  A gnoll sergeant (D:7)
  3 scorpions
  A necrophage (D:4)
  4 howler monkeys (D:8)
  2 electric eels (Lair:5)
  3 jellies
  7 hounds
  A gnoll bouda (Lair:3)
  6 orc priests
  An iguana (D:4)
  4 hell rats (Lair:5)
  10 orc wizards
  4 gnolls (D:7)
  9 adders
  A shadow imp (D:6)
  3 white imps
  A worm (D:4)
  3 dart slugs
  33 orcs
  5 bats
  8 endoplasms
  3 giant cockroaches
  9 goblins
  13 hobgoblins
  12 jackals
  5 quokkas
  4 ball pythons
  4 frilled lizards
  17 kobolds
  4 rats
403 creatures vanquished.

Vanquished Creatures (others)
  9 demonic plants (D:1)
  23 fungi
  64 plants
  A withered plant (D:1)
97 creatures vanquished.

Grand Total: 500 creatures vanquished

Notes
Turn   | Place    | Note
-------+----------+-------------------------------------------
     0 | D:1      | qw the Gargoyle Fighter began the quest for the Orb.
     0 | D:1      | Reached XP level 1. HP: 14/14 MP: 1/1
     0 | D:1      | 0 ||| qw: Version: 0.2-a-12-gaebbb33
     0 | D:1      | 0 ||| qw: Game counter: 1016
     0 | D:1      | 0 ||| qw: Always use a shield: true
     0 | D:1      | 0 ||| qw: God list: Okawaru
     0 | D:1      | 0 ||| qw: Allow faded altars: false
     0 | D:1      | 0 ||| qw: Do Orc after D:15 true
     0 | D:1      | 0 ||| qw: Do second Lair branch before Depths: true
     0 | D:1      | 0 ||| qw: Lair rune preference: random
     0 | D:1      | 0 ||| qw: Plans: Normal, Zot:1-4, God:TSO, Crypt, Tomb,
                  | Pan, Slime:5, Hells, Abyss, Orb
     0 | D:1      | 0 ||| PLANNING D:1-11
    40 | D:1      | Reached skill level 2 in Axes
   102 | D:1      | Reached XP level 2. HP: 15/19 MP: 2/2
   271 | D:1      | 271 ||| Stepping ~*~*~tactically~*~*~ (stealth).
   287 | D:1      | 287 ||| Stepping ~*~*~tactically~*~*~ (stealth).
   436 | D:1      | Found a faded altar of an unknown god.
   470 | D:1      | Reached skill level 3 in Axes
   484 | D:1      | 484 ||| Stepping ~*~*~tactically~*~*~ (stealth).
   494 | D:1      | Reached XP level 3. HP: 20/23 MP: 3/3
  1077 | D:1      | 1077 ||| READING scroll labelled KALLEGOGIRPH.
  1078 | D:1      | 1078 ||| DRINKING 2 purple potions.
  1079 | D:1      | 1079 ||| DROPPING potion of degeneration.
  1184 | D:2      | 1184 ||| DROPPING +0 hand axe of freezing.
  1328 | D:2      | Reached XP level 4. HP: 28/28 MP: 4/4
  1457 | D:2      | 1457 ||| Stepping ~*~*~tactically~*~*~ (hiding).
  1487 | D:2      | Reached skill level 4 in Axes
  1792 | D:2      | 1792 ||| READING scroll labelled CUSKUROAR.
  1793 | D:2      | 1793 ||| READING scroll labelled MUAMIE PUNU.
  1794 | D:2      | 1794 ||| READING scroll labelled VACETHR UTAIXOV.
  1861 | D:3      | 1861 ||| FLEEEEING.
  1862 | D:3      | 1862 ||| FLEEEEING.
  1863 | D:3      | 1863 ||| FLEEEEING.
  1864 | D:3      | 1864 ||| FLEEEEING.
  1865 | D:3      | 1865 ||| FLEEEEING.
  1866 | D:3      | 1866 ||| FLEEEEING.
  1867 | D:3      | 1867 ||| FLEEEEING.
  1868 | D:3      | 1868 ||| FLEEEEING.
  1869 | D:3      | 1869 ||| FLEEEEING.
  1870 | D:3      | 1870 ||| FLEEEEING.
  1871 | D:3      | 1871 ||| FLEEEEING.
  1872 | D:3      | 1872 ||| FLEEEEING.
  1873 | D:3      | 1873 ||| FLEEEEING.
  1874 | D:3      | 1874 ||| FLEEEEING.
  1875 | D:3      | 1875 ||| FLEEEEING.
  1876 | D:3      | 1876 ||| FLEEEEING.
  1877 | D:3      | 1877 ||| FLEEEEING.
  1878 | D:3      | 1878 ||| FLEEEEING.
  1879 | D:3      | 1879 ||| FLEEEEING.
  2017 | D:3      | Noticed an ice beast
  2034 | D:3      | Killed an ice beast
  2035 | D:3      | Reached skill level 5 in Axes
  2035 | D:3      | Reached XP level 5. HP: 21/32 MP: 5/5
  2050 | D:3      | 2050 ||| FLEEEEING.
  2073 | D:3      | 2073 ||| FLEEEEING.
  2091 | D:3      | 2091 ||| Stepping ~*~*~tactically~*~*~ (stealth).
  2164 | D:3      | 2164 ||| Stepping ~*~*~tactically~*~*~ (stealth).
  2213 | D:3      | 2213 ||| Stepping ~*~*~tactically~*~*~ (stealth).
  2260 | D:3      | Reached XP level 6. HP: 21/38 MP: 6/6
  2528 | D:3      | Reached skill level 1 in Dodging
  2710 | D:3      | 2710 ||| Stepping ~*~*~tactically~*~*~ (stealth).
  2715 | D:3      | 2715 ||| Stepping ~*~*~tactically~*~*~ (stealth).
  2755 | D:3      | 2755 ||| DROPPING +0 whip.
  2900 | D:3      | Found a sacrificial altar of Ru.
  2914 | D:3      | Found a runed translucent door.
  2915 | D:3      | Noticed Crazy Yiuf
  3072 | D:3      | 3072 ||| UPGRADING to +0 pair of boots.
  3077 | D:3      | 3077 ||| READING scroll labelled ADESUS WUCU.
  3078 | D:3      | 3078 ||| READING scroll labelled TAPI UZ PUTZ.
  3119 | D:4      | 3119 ||| Stepping ~*~*~tactically~*~*~ (stealth).
  3120 | D:4      | 3120 ||| Stepping ~*~*~tactically~*~*~ (stealth).
  3121 | D:4      | 3121 ||| Stepping ~*~*~tactically~*~*~ (stealth).
  3122 | D:4      | 3122 ||| Stepping ~*~*~tactically~*~*~ (stealth).
  3224 | D:4      | 3224 ||| FLEEEEING.
  3225 | D:4      | 3225 ||| FLEEEEING.
  3226 | D:4      | 3226 ||| FLEEEEING.
  3227 | D:4      | 3227 ||| FLEEEEING.
  3228 | D:4      | 3228 ||| FLEEEEING.
  3229 | D:4      | 3229 ||| FLEEEEING.
  3230 | D:4      | 3230 ||| STAIRDANCE
  3388 | D:4      | Noticed a black bear
  3399 | D:4      | Killed a black bear
  3400 | D:4      | Reached skill level 6 in Axes
  3400 | D:4      | Reached XP level 7. HP: 36/43 MP: 7/7
  3513 | D:4      | 3513 ||| Stepping ~*~*~tactically~*~*~ (stealth).
  3575 | D:4      | Found a stormy altar of Qazlal.
  3786 | D:4      | 3786 ||| Stepping ~*~*~tactically~*~*~ (hiding).
  3803 | D:4      | 3803 ||| Stepping ~*~*~tactically~*~*~ (stealth).
  3857 | D:4      | Reached skill level 7 in Axes
  4115 | D:4      | Found Ruwnaupt's Weapon Shop.
  4254 | D:4      | 4254 ||| UPGRADING to +0 pair of gloves.
  4259 | D:4      | 4259 ||| READING scroll labelled DYACKU MIUCEKKISM.
  4259 | D:4      | Identified a scroll of acquirement
  4259 | D:4      | 4259 ||| ACQUIRING ring of the Fool {AC+4 Str+3}
  4259 | D:4      | Acquired the ring of the Fool {AC+4 Str+3}
  4261 | D:4      | 4261 ||| UPGRADING to ring of the Fool {AC+4 Str+3}.
  4262 | D:4      | 4262 ||| READING scroll labelled JAUFIO NUNIA.
  4266 | D:4      | 4266 ||| DRINKING 2 glowing white potions.
  4267 | D:4      | 4267 ||| DRINKING 2 cyan potions.
  4268 | D:4      | 4268 ||| DROPPING potion of magic.
  4293 | D:5      | Entered Level 5 of the Dungeon
  4299 | D:5      | 4299 ||| Stepping ~*~*~tactically~*~*~ (hiding).
  4453 | D:5      | Found a staircase to the Ecumenical Temple.
  4454 | D:5      | 4454 ||| PLANNING TEMPLE
  4454 | D:5      | 4454 ||| DRINKING 2 lumpy clear potions.
  4555 | D:5      | 4555 ||| DROPPING potion of ambrosia.
  4561 | Temple   | Entered the Ecumenical Temple
  4562 | Temple   | 4562 ||| PLANNING OKAWARU WORSHIP
  4935 | Temple   | Became a worshipper of Warmaster Okawaru
  4936 | Temple   | 4936 ||| PLANNING D:1-11
  4981 | D:5      | 4981 ||| Stepping ~*~*~tactically~*~*~ (hiding).
  4982 | D:5      | 4982 ||| Stepping ~*~*~tactically~*~*~ (hiding).
  5155 | D:5      | Reached skill level 1 in Throwing
  5653 | D:5      | Reached XP level 8. HP: 42/49 MP: 8/8
  5741 | D:5      | 5741 ||| UPGRADING to +0 ring mail of fire resistance.
  5751 | D:5      | 5751 ||| READING scroll labelled FUUMOI JAXKAFE.
  5752 | D:5      | 5752 ||| READING scroll labelled QUAMUNGA YKHYA.
  5753 | D:5      | 5753 ||| DRINKING 2 murky dark potions.
  5754 | D:5      | 5754 ||| DRINKING 2 coppery potions.
  5754 | D:5      | Gained mutation: You occasionally lose the ability to drink
                  | potions when taking damage. [potion of mutation]
  5754 | D:5      | Gained mutation: You possess an exceptional clarity of
                  | mind. [potion of mutation]
  5754 | D:5      | Gained mutation: Your muscles are strong. (Str +4, Int/Dex
                  | -1) [potion of mutation]
  5755 | D:5      | 5755 ||| DRINKING potion of mutation.
  5755 | D:5      | Lost mutation: Your muscles are strong. (Str +4, Int/Dex
                  | -1) [potion of mutation]
  5755 | D:5      | Lost mutation: You occasionally lose the ability to drink
                  | potions when taking damage. [potion of mutation]
  5755 | D:5      | Lost mutation: You possess an exceptional clarity of mind.
                  | [potion of mutation]
  5755 | D:5      | Gained mutation: Your flesh is heat resistant. (rF+)
                  | [potion of mutation]
  5755 | D:5      | Gained mutation: Your flesh is very heat resistant. (rF++)
                  | [potion of mutation]
  5755 | D:5      | Gained mutation: You occasionally shout uncontrollably at
                  | your foes. [potion of mutation]
  5756 | D:5      | 5756 ||| UPGRADING to +0 scale mail.
  5862 | D:6      | Reached skill level 8 in Axes
  5981 | D:6      | 5981 ||| FLEEEEING.
  5982 | D:6      | 5982 ||| FLEEEEING.
  5983 | D:6      | 5983 ||| FLEEEEING.
  5984 | D:6      | 5984 ||| FLEEEEING.
  5985 | D:6      | 5985 ||| FLEEEEING.
  5986 | D:6      | 5986 ||| FLEEEEING.
  5987 | D:6      | 5987 ||| FLEEEEING.
  5988 | D:6      | 5988 ||| FLEEEEING.
  6010 | D:6      | 6010 ||| FLEEEEING.
  6011 | D:6      | 6011 ||| FLEEEEING.
  6012 | D:6      | 6012 ||| FLEEEEING.
  6014 | D:6      | 6014 ||| FLEEEEING.
  6015 | D:6      | 6015 ||| FLEEEEING.
  6016 | D:6      | 6016 ||| FLEEEEING.
  6017 | D:6      | 6017 ||| FLEEEEING.
  6018 | D:6      | 6018 ||| FLEEEEING.
  6019 | D:6      | 6019 ||| FLEEEEING.
  6020 | D:6      | 6020 ||| FLEEEEING.
  6021 | D:6      | 6021 ||| FLEEEEING.
  6022 | D:6      | 6022 ||| FLEEEEING.
  6024 | D:6      | 6024 ||| FLEEEEING.
  6025 | D:6      | 6025 ||| FLEEEEING.
  6026 | D:6      | 6026 ||| FLEEEEING.
  6027 | D:6      | 6027 ||| FLEEEEING.
  6028 | D:6      | 6028 ||| FLEEEEING.
  6029 | D:6      | 6029 ||| FLEEEEING.
  6030 | D:6      | 6030 ||| FLEEEEING.
  6031 | D:6      | 6031 ||| FLEEEEING.
  6032 | D:6      | 6032 ||| FLEEEEING.
  6033 | D:6      | 6033 ||| FLEEEEING.
  6034 | D:6      | 6034 ||| FLEEEEING.
  6035 | D:6      | 6035 ||| FLEEEEING.
  6036 | D:6      | 6036 ||| FLEEEEING.
  6038 | D:6      | 6038 ||| FLEEEEING.
  6040 | D:6      | 6040 ||| FLEEEEING.
  6043 | D:6      | Reached * piety under Okawaru
  6044 | D:6      | Reached skill level 6 in Fighting
  6046 | D:6      | 6046 ||| FLEEEEING.
  6047 | D:6      | 6047 ||| FLEEEEING.
  6048 | D:6      | 6048 ||| FLEEEEING.
  6049 | D:6      | 6049 ||| FLEEEEING.
  6050 | D:6      | 6050 ||| FLEEEEING.
  6051 | D:6      | 6051 ||| FLEEEEING.
  6052 | D:6      | 6052 ||| FLEEEEING.
  6060 | D:6      | 6060 ||| FLEEEEING.
  6065 | D:6      | 6065 ||| STAIRDANCE
  6347 | D:6      | Noticed qw's ghost (novice GrFi)
  6437 | D:6      | Reached skill level 1 in Invocations
  6455 | D:6      | Found a runed translucent gate.
  6455 | D:6      | Found a runed translucent gate.
  6455 | D:6      | Found a runed translucent gate.
  6485 | D:6      | 6485 ||| READING scroll of enchant weapon.
  6485 | D:6      | 6485 ||| ENCHANTING +1 vorpal war axe.
  6698 | D:6      | 6698 ||| UPGRADING to +0 chain mail.
  6708 | D:6      | 6708 ||| DROPPING +0 scale mail.
  6709 | D:6      | 6709 ||| DRINKING 2 fuming pink potions.
  6710 | D:6      | 6710 ||| DRINKING 2 fizzy silvery potions.
  6711 | D:6      | 6711 ||| DROPPING potion of invisibility.
  6722 | D:7      | 6722 ||| Stepping ~*~*~tactically~*~*~ (stealth).
  6856 | D:7      | Noticed a dream sheep
  6862 | D:7      | Killed a dream sheep
  6863 | D:7      | Reached skill level 3 in Invocations
  6863 | D:7      | Reached XP level 9. HP: 56/56 MP: 9/11
  6874 | D:7      | 6874 ||| Stepping ~*~*~tactically~*~*~ (stealth).
  6889 | D:7      | Reached ** piety under Okawaru
  6909 | D:7      | 6909 ||| FLEEEEING.
  6916 | D:7      | 6916 ||| STAIRDANCE
  6981 | D:6      | 6981 ||| UPGRADING to +0 helmet.
  6986 | D:6      | 6986 ||| DRINKING 2 glowing yellow potions.
  7037 | D:7      | 7037 ||| Stepping ~*~*~tactically~*~*~ (stealth).
  7040 | D:7      | 7040 ||| Stepping ~*~*~tactically~*~*~ (stealth).
  7045 | D:7      | Reached skill level 9 in Axes
  7050 | D:7      | 7050 ||| READING scroll of enchant armour.
  7050 | D:7      | 7050 ||| ENCHANTING +0 pair of gloves.
  7053 | D:7      | 7053 ||| Stepping ~*~*~tactically~*~*~ (stealth).
  7054 | D:7      | 7054 ||| Stepping ~*~*~tactically~*~*~ (stealth).
  7133 | D:7      | Found the +5 robe of Night {Dark Will+ SInv}
  7172 | D:7      | 7172 ||| FLEEEEING.
  7173 | D:7      | 7173 ||| FLEEEEING.
  7174 | D:7      | 7174 ||| FLEEEEING.
  7175 | D:7      | 7175 ||| FLEEEEING.
  7176 | D:7      | 7176 ||| Stepping ~*~*~tactically~*~*~ (hiding).
  7211 | D:7      | Noticed a hornet
  7222 | D:7      | Killed a hornet
  7222 | D:7      | Reached *** piety under Okawaru
  7293 | D:7      | 7293 ||| INVOKING Heroism.
  7404 | D:7      | Identified the +4 hand axe of Hell's Wrath {vorpal, Dex+3
                  | Stlth+}
  7652 | D:7      | 7652 ||| Stepping ~*~*~tactically~*~*~ (hiding).
  7658 | D:7      | 7658 ||| INVOKING Heroism.
  7664 | D:7      | Reached XP level 10. HP: 63/63 MP: 10/13
  7743 | D:7      | 7743 ||| DROPPING +0 ring mail of fire resistance.
  7744 | D:7      | 7744 ||| UPGRADING to +0 plate armour.
  7754 | D:7      | 7754 ||| DROPPING +0 chain mail.
  7755 | D:7      | 7755 ||| UPGRADING to ring of willpower.
  7756 | D:7      | 7756 ||| READING scroll labelled GEEFAN SEZAIRU.
  7757 | D:7      | 7757 ||| READING scroll labelled PAFIDDYCYM.
  7874 | D:8      | 7874 ||| Stepping ~*~*~tactically~*~*~ (hiding).
  7876 | D:8      | 7876 ||| Stepping ~*~*~tactically~*~*~ (hiding).
  7880 | D:8      | 7880 ||| INVOKING Heroism.
  7890 | D:8      | Reached skill level 6 in Armour
  7893 | D:8      | Found a staircase to the Lair.
  7899 | D:8      | 7899 ||| FLEEEEING.
  7902 | D:8      | 7902 ||| FLEEEEING.
  7903 | D:8      | 7903 ||| STAIRDANCE
  8120 | D:8      | 8120 ||| STAIRDANCE
  8258 | D:8      | Reached skill level 10 in Axes
  8490 | D:8      | Noticed Maggie
  8496 | D:8      | 8496 ||| INVOKING Heroism.
  8504 | D:8      | Killed Maggie
  8520 | D:8      | 8520 ||| Stepping ~*~*~tactically~*~*~ (stealth).
  8521 | D:8      | 8521 ||| Stepping ~*~*~tactically~*~*~ (stealth).
  8533 | D:8      | 8533 ||| INVOKING Heroism.
  8757 | D:8      | 8757 ||| INVOKING Heroism.
  9054 | D:8      | 9054 ||| INVOKING Heroism.
  9071 | D:8      | Reached **** piety under Okawaru
  9283 | D:9      | 9283 ||| Stepping ~*~*~tactically~*~*~ (hiding).
  9416 | D:9      | 9416 ||| INVOKING Heroism.
  9540 | D:9      | 9540 ||| Stepping ~*~*~tactically~*~*~ (stealth).
  9555 | D:9      | 9555 ||| Stepping ~*~*~tactically~*~*~ (stealth).
  9557 | D:9      | 9557 ||| Stepping ~*~*~tactically~*~*~ (hiding).
  9589 | D:9      | 9589 ||| INVOKING Heroism.
  9673 | D:9      | Noticed Erolcha
  9674 | D:9      | 9674 ||| Stepping ~*~*~tactically~*~*~ (hiding).
  9676 | D:9      | 9676 ||| INVOKING Heroism.
  9686 | D:9      | Killed Erolcha
  9686 | D:9      | Reached ***** piety under Okawaru
  9687 | D:9      | Reached skill level 11 in Axes
  9687 | D:9      | Reached skill level 6 in Invocations
  9687 | D:9      | Reached XP level 11. HP: 58/68 MP: 13/15
  9767 | D:9      | Noticed an orange crystal statue
  9768 | D:9      | 9768 ||| INVOKING Heroism.
  9769 | D:9      | Noticed a green ugly thing
  9770 | D:9      | 9770 ||| Stepping ~*~*~tactically~*~*~ (stealth).
  9774 | D:9      | 9774 ||| Stepping ~*~*~tactically~*~*~ (stealth).
  9775 | D:9      | Noticed Joseph
  9780 | D:9      | Killed a green ugly thing
  9780 | D:9      | Received a gift from Okawaru
  9781 | D:9      | 9781 ||| INVOKING Finesse.
  9794 | D:9      | Killed Joseph
  9813 | D:9      | 9813 ||| INVOKING Heroism.
  9834 | D:9      | 9834 ||| DRINKING potion of curing.
  9834 | D:9      | 9834 ||| (to cure confusion)
  9842 | D:9      | Killed an orange crystal statue
  9975 | D:9      | 9975 ||| DROPPING +0 flail.
 10006 | D:9      | Found a broken altar of Ashenzari.
 10153 | D:9      | 10153 ||| Stepping ~*~*~tactically~*~*~ (stealth).
 10157 | D:9      | Noticed Grum
 10158 | D:9      | 10158 ||| Stepping ~*~*~tactically~*~*~ (hiding).
 10161 | D:9      | 10161 ||| Stepping ~*~*~tactically~*~*~ (hiding).
 10163 | D:9      | 10163 ||| Stepping ~*~*~tactically~*~*~ (stealth).
 10167 | D:9      | 10167 ||| INVOKING Heroism.
 10173 | D:9      | Killed Grum
 10175 | D:9      | 10175 ||| Stepping ~*~*~tactically~*~*~ (hiding).
 10193 | D:9      | 10193 ||| Stepping ~*~*~tactically~*~*~ (hiding).
 10211 | D:9      | 10211 ||| Stepping ~*~*~tactically~*~*~ (stealth).
 10218 | D:9      | 10218 ||| Stepping ~*~*~tactically~*~*~ (stealth).
 10227 | D:9      | Identified the +6 broad axe of Death's Door {vamp, rPois
                  | Dex+4} (Okawaru gifted it to you on level 9 of the Dungeon)
 10227 | D:9      | Received a gift from Okawaru
 10250 | D:9      | 10250 ||| SWAPPING to +6 broad axe of Death's Door {vamp,
                  | rPois Dex+4}.
 10251 | D:9      | 10251 ||| DROPPING +2 vorpal war axe.
 10255 | D:9      | 10255 ||| INVOKING Heroism.
 10334 | D:9      | 10334 ||| INVOKING Heroism.
 10409 | D:9      | 10409 ||| UPGRADING to +4 ring of evasion.
 10411 | D:9      | 10411 ||| DROPPING ring of willpower.
 10412 | D:9      | 10412 ||| READING scroll labelled CATINE DIORAK.
 10413 | D:9      | 10413 ||| READING scroll labelled SAC NAPNAAMEFA.
 10733 | D:8      | Noticed Gastronok
 10734 | D:8      | 10734 ||| INVOKING Heroism.
 10751 | D:8      | Killed Gastronok
 10916 | D:8      | 10916 ||| Stepping ~*~*~tactically~*~*~ (hiding).
 11023 | D:8      | Found Tuoc's Antique Armour Shoppe.
 11038 | D:8      | 11038 ||| BUYING pair of glowing boots (172 gold).
 11038 | D:8      | Bought a pair of glowing boots for 172 gold pieces
 11038 | D:8      | 11038 ||| BUYING pair of runed gloves (172 gold).
 11038 | D:8      | Bought a pair of runed gloves for 172 gold pieces
 11081 | D:8      | 11081 ||| PLANNING LAIR
 11081 | D:8      | 11081 ||| UPGRADING to +1 pair of boots of stealth.
 11091 | D:8      | 11091 ||| DROPPING +0 pair of boots.
 11092 | D:8      | 11092 ||| DROPPING +1 pair of gloves of infusion.
 11233 | Lair:1   | Entered Level 1 of the Lair of Beasts
 11235 | Lair:1   | 11235 ||| INVOKING Heroism.
 11256 | Lair:1   | Reached skill level 9 in Invocations
 11262 | Lair:1   | Reached skill level 9 in Fighting
 11262 | Lair:1   | 11262 ||| Stepping ~*~*~tactically~*~*~ (water).
 11284 | Lair:1   | 11284 ||| INVOKING Heroism.
 11312 | Lair:1   | 11312 ||| INVOKING Heroism.
 11425 | Lair:1   | 11425 ||| INVOKING Heroism.
 11487 | Lair:1   | 11487 ||| INVOKING Heroism.
 11498 | Lair:1   | Reached XP level 12. HP: 76/76 MP: 17/19
 11524 | Lair:1   | 11524 ||| INVOKING Heroism.
 11600 | Lair:1   | 11600 ||| INVOKING Heroism.
 11617 | Lair:1   | 11617 ||| Stepping ~*~*~tactically~*~*~ (hiding).
 12011 | Lair:1   | 12011 ||| DROPPING orb of light.
 12012 | Lair:1   | 12012 ||| READING scroll labelled ROSU ZOBRABENT.
 12013 | Lair:1   | 12013 ||| READING 2 scrolls of identify.
 12013 | Lair:1   | 12013 ||| IDENTIFYING clear potion
 12027 | Lair:2   | 12027 ||| INVOKING Heroism.
 12041 | Lair:2   | Reached skill level 12 in Axes
 12160 | Lair:2   | 12160 ||| Stepping ~*~*~tactically~*~*~ (stealth).
 12162 | Lair:2   | 12162 ||| Stepping ~*~*~tactically~*~*~ (stealth).
 12163 | Lair:2   | 12163 ||| Stepping ~*~*~tactically~*~*~ (stealth).
 12164 | Lair:2   | 12164 ||| Stepping ~*~*~tactically~*~*~ (stealth).
 12165 | Lair:2   | 12165 ||| Stepping ~*~*~tactically~*~*~ (stealth).
 12200 | Lair:2   | 12200 ||| INVOKING Heroism.
 12217 | Lair:2   | Received a gift from Okawaru
 12218 | Lair:2   | Reached skill level 9 in Armour
 12218 | Lair:2   | 12218 ||| Stepping ~*~*~tactically~*~*~ (stealth).
 12229 | Lair:2   | Reached skill level 6 in Shields
 12324 | Lair:2   | Reached skill level 3 in Dodging
 12346 | Lair:2   | Noticed a five-headed hydra
 12347 | Lair:2   | 12347 ||| Stepping ~*~*~tactically~*~*~ (stealth).
 12361 | Lair:2   | 12361 ||| INVOKING Heroism.
 12362 | Lair:2   | 12362 ||| INVOKING Finesse.
 12364 | Lair:2   | 12364 ||| SWAPPING to +2 vampiric whip.
 12377 | Lair:2   | Killed a five-headed hydra
 12378 | Lair:2   | 12378 ||| SWAPPING to +6 broad axe of Death's Door {vamp,
                  | rPois Dex+4}.
 12751 | Lair:2   | 12751 ||| Stepping ~*~*~tactically~*~*~ (stealth).
 12777 | Lair:2   | 12777 ||| Stepping ~*~*~tactically~*~*~ (stealth).
 12778 | Lair:2   | 12778 ||| INVOKING Heroism.
 12991 | Lair:2   | 12991 ||| UPGRADING to +1 crystal plate armour.
 13001 | Lair:2   | 13001 ||| UPGRADING to +0 cloak.
 13006 | Lair:2   | 13006 ||| DROPPING +0 plate armour.
 13087 | Lair:3   | 13087 ||| Stepping ~*~*~tactically~*~*~ (stealth).
 13089 | Lair:3   | 13089 ||| Stepping ~*~*~tactically~*~*~ (stealth).
 13093 | Lair:3   | 13093 ||| INVOKING Heroism.
 13097 | Lair:3   | 13097 ||| Stepping ~*~*~tactically~*~*~ (stealth).
 13101 | Lair:3   | 13101 ||| Stepping ~*~*~tactically~*~*~ (stealth).
 13215 | Lair:3   | 13215 ||| Stepping ~*~*~tactically~*~*~ (stealth).
 13217 | Lair:3   | 13217 ||| Stepping ~*~*~tactically~*~*~ (stealth).
 13271 | Lair:3   | Reached XP level 13. HP: 82/82 MP: 20/20
 13316 | Lair:3   | Found a hole to the Spider Nest.
 13353 | Lair:3   | 13353 ||| Stepping ~*~*~tactically~*~*~ (hiding).
 13360 | Lair:3   | 13360 ||| INVOKING Heroism.
 13479 | Lair:3   | 13479 ||| Stepping ~*~*~tactically~*~*~ (stealth).
 13484 | Lair:3   | 13484 ||| INVOKING Heroism.
 13490 | Lair:3   | Identified the +1 pair of boots "Wesidot" {rPois Dex+4}
                  | (Okawaru gifted it to you on level 3 of the Lair of Beasts)
 13490 | Lair:3   | Received a gift from Okawaru
 13523 | Lair:3   | Reached skill level 12 in Armour
 13825 | Lair:3   | Noticed Amaemon
 13826 | Lair:3   | 13826 ||| INVOKING Heroism.
 13838 | Lair:3   | Killed Amaemon
 13846 | Lair:3   | Reached skill level 13 in Axes
 13853 | Lair:3   | 13853 ||| DROPPING +2 vampiric whip.
 13909 | Lair:3   | Found a staircase to the Shoals.
 13911 | Lair:3   | 13911 ||| INVOKING Heroism.
 13912 | Lair:3   | 13912 ||| SWAPPING to -1 demon whip of venom.
 13913 | Lair:3   | 13913 ||| INVOKING Finesse.
 13922 | Lair:3   | 13922 ||| SWAPPING to +6 broad axe of Death's Door {vamp,
                  | rPois Dex+4}.
 14318 | Lair:3   | 14318 ||| UPGRADING to +1 pair of boots "Wesidot" {rPois
                  | Dex+4}.
 14328 | Lair:3   | 14328 ||| DROPPING +1 pair of boots of stealth.
 14329 | Lair:3   | 14329 ||| DROPPING +6 ring of intelligence.
 14330 | Lair:3   | 14330 ||| DRINKING 3 fizzy golden potions.
 14331 | Lair:3   | 14331 ||| DROPPING 2 potions of flight.
 14537 | Lair:4   | 14537 ||| INVOKING Heroism.
 14625 | Lair:4   | 14625 ||| INVOKING Heroism.
 14626 | Lair:4   | 14626 ||| INVOKING Finesse.
 14628 | Lair:4   | 14628 ||| SWAPPING to -1 demon whip of venom.
 14639 | Lair:4   | 14639 ||| SWAPPING to +6 broad axe of Death's Door {vamp,
                  | rPois Dex+4}.
 14781 | Lair:4   | 14781 ||| INVOKING Heroism.
 14821 | Lair:4   | 14821 ||| Stepping ~*~*~tactically~*~*~ (stealth).
 14824 | Lair:4   | 14824 ||| Stepping ~*~*~tactically~*~*~ (stealth).
 14826 | Lair:4   | 14826 ||| INVOKING Heroism.
 14879 | Lair:4   | 14879 ||| INVOKING Heroism.
 14967 | Lair:4   | 14967 ||| INVOKING Heroism.
 15410 | Lair:5   | Entered Level 5 of the Lair of Beasts
 15537 | Lair:5   | 15537 ||| Stepping ~*~*~tactically~*~*~ (stealth).
 15550 | Lair:5   | 15550 ||| Stepping ~*~*~tactically~*~*~ (stealth).
 15551 | Lair:5   | 15551 ||| Stepping ~*~*~tactically~*~*~ (stealth).
 15552 | Lair:5   | 15552 ||| INVOKING Heroism.
 15553 | Lair:5   | 15553 ||| INVOKING Finesse.
 15612 | Lair:5   | 15612 ||| INVOKING Heroism.
 15650 | Lair:5   | 15650 ||| Stepping ~*~*~tactically~*~*~ (stealth).
 15672 | Lair:5   | Reached skill level 14 in Axes
 15781 | Lair:5   | 15781 ||| INVOKING Heroism.
 15782 | Lair:5   | 15782 ||| Stepping ~*~*~tactically~*~*~ (stealth).
 15784 | Lair:5   | Received a gift from Okawaru
 15784 | Lair:5   | Found the +8 mithril axe "Arga" {speed, Will+}
 15798 | Lair:5   | 15798 ||| INVOKING Finesse.
 15799 | Lair:5   | 15799 ||| Stepping ~*~*~tactically~*~*~ (stealth).
 15817 | Lair:5   | Gained mutation: Your large and strong wings let you fly.
                  | [Gargoyle growth]
 15817 | Lair:5   | Reached XP level 14. HP: 88/88 MP: 17/21
 15844 | Lair:5   | 15844 ||| INVOKING Heroism.
 15940 | Lair:5   | 15940 ||| INVOKING Heroism.
 15961 | Lair:5   | Identified the +3 trident of Kismet {venom, rElec rF+ rN+
                  | Dex+5}
 15970 | Lair:5   | Identified the +1 pair of boots of Hubris {rPois Will+}
 15990 | Lair:5   | 15990 ||| Stepping ~*~*~tactically~*~*~ (stealth).
 15992 | Lair:5   | 15992 ||| Stepping ~*~*~tactically~*~*~ (stealth).
 15997 | Lair:5   | 15997 ||| INVOKING Heroism.
 16021 | Lair:5   | 16021 ||| Stepping ~*~*~tactically~*~*~ (stealth).
 16065 | Lair:5   | Found a viscous altar of Jiyva.
 16065 | Lair:5   | Found a staircase to the Slime Pits.
 16094 | Lair:5   | 16094 ||| Stepping ~*~*~tactically~*~*~ (hiding).
 16095 | Lair:5   | 16095 ||| Stepping ~*~*~tactically~*~*~ (hiding).
 16167 | Lair:5   | 16167 ||| Stepping ~*~*~tactically~*~*~ (stealth).
 16169 | Lair:5   | 16169 ||| INVOKING Heroism.
 16170 | Lair:5   | 16170 ||| INVOKING Finesse.
 16186 | Lair:5   | Reached skill level 15 in Axes
 16191 | Lair:5   | Reached ****** piety under Okawaru
 16295 | Lair:5   | 16295 ||| Stepping ~*~*~tactically~*~*~ (hiding).
 16296 | Lair:5   | 16296 ||| Stepping ~*~*~tactically~*~*~ (hiding).
 16301 | Lair:5   | 16301 ||| INVOKING Heroism.
 16307 | Lair:5   | 16307 ||| UPGRADING to +1 pair of boots of Hubris {rPois
                  | Will+}.
 16307 | Lair:5   | HP: 20/90 [acid (6)]
 16308 | Lair:5   | 16308 ||| UPGRADING to +1 pair of boots of Hubris {rPois
                  | Will+}.
 16308 | Lair:5   | HP: 9/90 [acid (11)]
 16309 | Lair:5   | 16309 ||| UPGRADING to +1 pair of boots of Hubris {rPois
                  | Will+}.
 16309 | Lair:5   | HP: 1/90 [acid (8)]
 16310 | Lair:5   | 16310 ||| UPGRADING to +1 pair of boots of Hubris {rPois
                  | Will+}.
 16310 | Lair:5   | Splashed with acid

Levels and vault maps discovered:
D:1:      shiori_arrival_maze, layout_rooms, shapermc_ecumenical_altar_gd,
          minmay_parallelograms
D:2:      layout_loops_ring
D:3:      layout_loops_ring, mainiacjoe_overflow_alcove_1,
          nicolae_underground_beach, uniq_crazy_yiuf_cottage
D:4:      nicolae_cairo_tiling, layout_cave_pools,
          nicolae_qazlal_scattered_showers, serial_shops,
          nicolae_shop_bloodbath_and_beyond, serial_rivers,
          chequers_serial_rivers_small_3, chequers_serial_rivers_micro_a,
          chequers_serial_rivers_marsh, chequers_serial_rivers_small_3
D:5:      layout_basic, minmay_temple_entry_enclosed_plants,
          kennysheep_generic_room_8
D:6:      layout_loops_ring, gammafunk_ghost_icy
D:7:      layout_loops_cross, hellmonk_guarded_unrand_night
D:8:      layout_basic, erik_lair_orcish_takeover, serial_shops, shop,
          uniq_gastronok, uniq_maggie
D:9:      layout_basic, grunt_ashenzari_visionary
          [grunt_ashenzari_visionary_shoals, grunt_ashenzari_visionary_spider],
          minivault_16, uniq_erolcha, uniq_joseph, uniq_grum
Temple:   compressed_dpeg_triangle_lava_temple
Lair:1:   layout_misc_corridors, infiniplex_staircase_pool_2
Lair:2:   kb_forest_paths, layout_chaotic_city, serial_bayou_shore_a
Lair:3:   layout_layer_cave, minmay_shoals_entry_hut,
          spider_nest_entry_web_field, dreamdust_gnoll_shepherd, uniq_amaemon
Lair:4:   layout_hall_layers
Lair:5:   gammafunk_lair_ancient_temple, layout_gridlike,
          nicolae_slime_entry_slimehenge, roderic_batcave

Skill      XL: |  1  2  3  4  5  6  7  8  9 10 11 12 13 14 |
---------------+-------------------------------------------+-----
Axes           | 2 3 5 6 7 8 9 11 12 14 15 | 15.0
Fighting       | 4 5 6 7 8 9 10 11 | 11.1
Dodging        | 1 2 3 |  3.0
Throwing       | 1 |  1.1
Invocations    | 3 4 6 9 10 | 10.0
Armour         | 4 5 7 8 10 13 | 13.3
Shields        | 4 5 6 7 |  7.0

Action                   |  1- 3 |  4- 6 |  7- 9 | 10-12 | 13-15 || total
-------------------------+-------+-------+-------+-------+-------++-------
Melee: War axe           |   101 |   145 |   217 |   269 |       ||   732
       Broad axe         |       |       |       |   277 |   411 ||   688
       Whip              |       |       |       |    11 |       ||    11
       Demon whip        |       |       |       |       |    17 ||    17
Throw: Boomerang         |       |       |    37 |    36 |       ||    73
Invok: Heroism           |       |       |     2 |    26 |    18 ||    46
       Finesse           |       |       |       |     2 |     5 ||     7
  Use: Scroll            |     1 |     5 |     6 |     6 |       ||    18
       Potion            |     1 |       |     9 |     1 |     1 ||    12
Armor: Scale mail        |    53 |   100 |    68 |       |       ||   221
       Chain mail        |       |       |    38 |       |       ||    38
       Plate armour      |       |       |       |   253 |       ||   253
       Crystal plate arm |       |       |       |    18 |   225 ||   243
Dodge: Dodged            |    49 |    53 |    82 |   215 |   135 ||   534
Block: Buckler           |    22 |    33 |    27 |   102 |    94 ||   278

Table legend:
 A = Non-vault XP
 B = Vault XP
 C = Vault XP percentage of total XP
 D = Non-vault monster count
 E = Vault monster count
 F = Vault count percentage of total count
                 A         B        C        D         E       F
            +---------+---------+-------+---------+---------+-------
      Total |   49820 |   18897 |  27.5 |     336 |      67 |  16.6
            +---------+---------+-------+---------+---------+-------
        D:1 |      49 |       4 |   7.5 |      27 |       2 |   6.9
        D:2 |      63 |       0 |   0.0 |      21 |       0 |   0.0
        D:3 |     305 |       0 |   0.0 |      29 |       0 |   0.0
        D:4 |     553 |       0 |   0.0 |      28 |       0 |   0.0
        D:5 |     254 |      96 |  27.4 |      11 |       1 |   8.3
        D:6 |     762 |       0 |   0.0 |      10 |       0 |   0.0
        D:7 |    1200 |    1436 |  54.5 |      20 |       6 |  23.1
        D:8 |    1625 |    2553 |  61.1 |      14 |      11 |  44.0
        D:9 |    3423 |    2432 |  41.5 |      39 |       6 |  13.3
     Lair:1 |    5266 |       0 |   0.0 |      20 |       0 |   0.0
     Lair:2 |    5810 |    3693 |  38.9 |      18 |      15 |  45.5
     Lair:3 |    9160 |    2056 |  18.3 |      32 |       6 |  15.8
     Lair:4 |    5986 |       0 |   0.0 |      23 |       0 |   0.0
     Lair:5 |   15364 |    6627 |  30.1 |      44 |      20 |  31.2
            +---------+---------+-------+---------+---------+-------
